 Dungeon Crawl Stone Soup version 0.30-a0-878-gc727b3d3d6 (webtiles) character file.

Game seed: 5430289734791090496

31817 IndexError the Fighter (level 13, -11/86 HPs)
             Began as a Gargoyle Fire Elementalist on Mar 12, 2023.
             Was an Elder of Vehumet.
             Killed by miscasting Starburst (14 damage)
             ... on level 1 of the Lair of Beasts.
             The game lasted 01:07:30 (19993 turns).

IndexError the Fighter (GrFE)                      Turns: 19993, Time: 01:07:31

Health: -11/86     AC: 31    Str: 13    XL:     13   Next: 60%
Magic:  6/27       EV: 11    Int: 28    God:    Vehumet [****..]
Gold:   1259       SH:  0    Dex: 10    Spells: 2/32 levels left

rFire   + + .      SeeInvis .    a - staff of fire {rF+}
rCold   + . .      Faith    .    (no shield)
rNeg    + . .      Spirit   .    N - +3 leather armour of the Catamount {Will+ Int+2 Slay+2 Stlth+}
rPois   ∞          Reflect  .    v - +2 helmet
rElec   +          Rampage  .    K - scarf {rC+ rF+}
rCorr   .                        P - +2 pair of gloves
Will    +....                    C - +2 pair of boots
Stlth   +++                      s - amulet of magic regeneration
HPRegen 0.34/turn                p - +6 ring of intelligence
MPRegen 0.60/turn                E - +4 ring of protection

@: very slightly contaminated
A: sickness immunity, AC +9, negative energy resistance 1, electricity
resistance, torment resistance 1, petrification resistance
a: Renounce Religion


You were on level 1 of the Lair of Beasts.
You worshipped Vehumet.
Vehumet was greatly pleased with you.
You visited 3 branches of the dungeon, and saw 17 of its levels.
You also visited: Sewer, Bailey and Gauntlet.

You collected 1259 gold pieces.

Inventory:

Hand Weapons
 W - the +9 lajatang "Ochaoniz" {pain, rC+ Will+}
   (You found it on level 1 of the Lair of Beasts)

   rC:        It protects you from cold.
   Will:      It increases your willpower.
Missiles
 e - 3 silver javelins
 g - 2 boomerangs of dispersal {=f}
 l - 3 javelins
 t - 3 throwing nets {=f, !d}
Armour
 v - a +2 helmet (worn)
   (You found it on level 2 of the Dungeon)
 C - a +2 pair of boots (worn)
   (You found it on level 5 of the Dungeon)
 K - a scarf of resistance (worn)
   (You found it on level 1 of the Lair of Beasts)
 N - the +3 leather armour of the Catamount (worn) {Will+ Int+2 Slay+2 Stlth+}
   (You found it on level 11 of the Dungeon)

   Int:       It affects your intelligence (+2).
   Slay:      It affects your accuracy & damage with ranged weapons and melee
   (+2).
   Will:      It increases your willpower.
   Stlth:     It makes you more stealthy.
 P - a +2 pair of gloves (worn)
   (You found it on level 8 of the Dungeon)
 R - a +2 cloak
   (You took it off Maurice on level 9 of the Dungeon)
Magical Staves
 a - a staff of fire (weapon) {rF+}
   (You found it on level 4 of the Dungeon)
 J - a staff of cold {rC+}
   (You found it on level 8 of the Dungeon)
 O - a staff of conjuration {!a}
   (You found it on level 8 of the Dungeon)
Jewellery
 p - a +6 ring of intelligence (left hand)
   (You found it on level 2 of the Dungeon)
 s - an amulet of magic regeneration (around neck)
   (You found it on level 15 of the Dungeon)
 B - the amulet of the Air {Inacc Air Fly rElec RMsl}
   (You found it on level 2 of the Dungeon)

   [amulet of nothing]

   Inacc:     It reduces the accuracy of your attacks and spells.
   Air:       It enhances your air magic.
   rElec:     It insulates you from electricity.
   Fly:       It grants you flight.
   RMsl:      It protects you from missiles.
 D - a ring of fire {rF+, rC-}
   (You found it on level 5 of the Dungeon)
 E - a +4 ring of protection (right hand)
   (You found it on level 11 of the Dungeon)
 S - the ring of Norepame {rN+ Str+3 SInv}
   (You found it in a Gauntlet)

   [ring of see invisible]

   Str:       It affects your strength (+3).
   rN:        It protects you from negative energy.
   SInv:      It lets you see invisible.
 T - a +5 ring of evasion
   (You found it on level 10 of the Dungeon)
 Y - the ring of Fuocvom {Ice +Blink rN++ Int-5}
   (You found it in a Gauntlet)

   [ring of ice]

   It enhances your ice magic.
   Int:       It affects your intelligence (-5).
   rF:        It makes you vulnerable to fire.
   rC:        It protects you from cold.
   rN:        It greatly protects you from negative energy.
   +Blink:    It lets you blink.
Wands
 H - a wand of mindburst (7)
   (You found it in a Gauntlet)
 I - a wand of charming (12)
   (You found it on level 7 of the Dungeon)
 L - a wand of roots (16)
   (You found it on level 8 of the Dungeon)
 M - a wand of light (7)
   (You found it on level 8 of the Dungeon)
Scrolls
 d - 6 scrolls of fear
 h - 4 scrolls of poison
 m - a scroll of enchant weapon
 u - 6 scrolls of teleportation
 w - 2 scrolls of butterflies
 x - 4 scrolls of amnesia
 y - 4 scrolls of blinking {!r}
 z - 3 scrolls of fog
 F - 2 scrolls of brand weapon
 Q - 5 scrolls of identify
 V - 2 scrolls of silence
Potions
 b - 2 potions of magic
 c - 2 potions of haste
 f - 2 potions of resistance
 i - 3 potions of brilliance
 j - 2 potions of flight
 k - 8 potions of might
 n - 3 potions of attraction {!q}
 o - 2 potions of heal wounds
 q - 5 potions of curing
 r - 6 potions of cancellation
 G - 2 potions of mutation {!q}
Miscellaneous
 A - a condenser vane
   (You found it in a Gauntlet)
 X - a box of beasts
   (You found it on level 9 of the Dungeon)


   Skills:
 - Level 12.0 Fighting
 + Level 9.6 Armour
 - Level 1.5 Dodging
 - Level 2.1 Stealth
 - Level 10.0 Spellcasting
 - Level 6.0 Conjurations
 - Level 5.0 Translocations
 - Level 10.0 Fire Magic
 + Level 8.0 Evocations


You had 2 spell levels left.
You knew the following spells:

 Your Spells              Type           Power      Damage    Failure   Level
a - Foxfire               Conj/Fire      100%       2x1d9     1%          1
b - Scorch                Fire           100%       2d10      1%          2
c - Blink                 Tloc           84%        N/A       1%          2
d - Flame Wave            Conj/Fire      73%        2d16      1%          4
e - Dazzling Flash        Conj/Hex       60%        N/A       1%          3
f - Fireball              Conj/Fire      36%        3d15      1%          5
g - Starburst             Conj/Fire      36%        6d11      7%          6
s - Sticky Flame          Conj/Fire      73%        2d9       1%          4
x - Stone Arrow           Conj/Erth      60%        3d10      1%          3

Your spell library contained the following spells:

 Spells                   Type           Power      Damage    Failure   Level
 Lightning Bolt           Conj/Air       15%        1d29      11%         5
 Lesser Beckoning         Tloc           84%        N/A       1%          2
 Momentum Strike          Conj/Tloc      88%        3d10      1%          2
 Poisonous Vapours        Pois/Air       28%        N/A       1%          2
 Gell's Gravitas          Tloc           42%        N/A       1%          3
 Inner Flame              Hex/Fire       58%        N/A       1%          3
 Kindle Blastsparks       Fire/Tloc/Air  100%       2d18      1%          3
 Mephitic Cloud           Conj/Pois/Air  25%        N/A       1%          3
 Teleport Other           Tloc           42%        N/A       1%          3
 Manifold Assault         Tloc           42%        N/A       6%          4
 Dispel Undead            Necr           14%        3d10      43%         4
 Summon Lightning Spire   Summ/Air       14%        N/A       43%         4
 Dispersal                Tloc           21%        N/A       67%         6
 Death Channel            Necr           7%         N/A       100%        6
 Summon Cactus Giant      Summ           7%         N/A       100%        6
 Storm Form               Tmut/Air       7%         N/A       100%        7
 Disjunction              Tloc           21%        N/A       100%        8
 Maxwell's Capacitive Co  Air            7%         ∞         100%        8
 Cigotuvi's Dreadful Rot  Necr/Pois/Air  Unusable   N/A       N/A         2

Dungeon Overview and Level Annotations

Branches:
Dungeon (15/15)            Temple (1/1) D:4            Lair (1/5) D:10
    Orc (0/2) D:10         Depths (0/4) D:15          Sewer (visited)
 Bailey (visited)         Gauntlet (visited)
 Vaults: D:13-14

Altars:
Ashenzari
Cheibriados
Dithmenos
Elyvilon
Fedhas
Gozag
Hepliaklqana
Kikubaaqudgha
Makhleb
Nemelex Xobeh
Okawaru
Qazlal
Ru
Sif Muna
Trog
Uskayaw
Vehumet
Wu Jian
Xom
Yredelemnul
Zin
The Shining One

Shops:
D:5 (   D:9 (

Annotations:
D:12 3 runed translucent doors, Gill's ghost, journeyman FoHs


Innate Abilities, Weirdness & Mutations

You are immune to sickness and miasma.
Your stone body is resilient. (AC +9)
You are immune to poison.
You resist negative energy. (rN+)
You are resistant to electric shocks. (rElec)
You are resistant to unholy torment.
You are immune to petrification.


Message History

You hit the black mamba. You burn the black mamba! Vehumet accepts your kill.
The water moccasin closely misses you.
You barely miss the water moccasin.
The water moccasin bites you but does no damage.
The water moccasin closely misses you.
You miss the water moccasin.
The water moccasin bites you but does no damage. x2
You closely miss the water moccasin.
The water moccasin bites you but does no damage.
You hit the water moccasin. You burn the water moccasin!
The water moccasin bites you but does no damage.
The water moccasin closely misses you.
You hit the water moccasin. You burn the water moccasin!
Vehumet accepts your kill.
No target in view!
No target in view!
A rime drake and a komodo dragon come into view.
Health restored: 86 You enter the shallow water.
Moving in this stuff is going to be slow.
The rime drake hisses angrily.
The komodo dragon hisses angrily.
The komodo dragon bites you!
A skyshark comes into view.
The komodo dragon bites you! The rime drake breathes ice at you.
The icy flash freeze hits you but does no damage.
You are encased in ice.
You hear an angry hiss.
You take 28 damage, and have 58/86 hp.
MASSIVE DAMAGE!!
You hit the komodo dragon but do no damage.
The komodo dragon bites you but does no damage.
You completely miss the komodo dragon.
A black mamba comes into view.
The komodo dragon bites you! The skyshark barely misses you.
The skyshark misses you. The skyshark barely misses you.
You take 13 damage, and have 45/86 hp.
Casting: Sticky Flame (mildly dangerous; 1% risk of failure)
Confirm with . or Enter, or press ? or * to list all spells.
Casting: Starburst (dangerous; 7% risk of failure)
Press: ? - help, Dir - look around, f - activate You feel a surge of power!
The bolt of fire hits the komodo dragon!!!
Vehumet accepts your kill.
You feel your power returning.
The bolt of fire hits the skyshark!!
The bolt of fire hits the rime drake!!
Vehumet accepts your kill.
You feel your power returning. The ice encasing you melts away.
A boulder beetle comes into view.
The skyshark bites you but does no damage.
The skyshark tail-slaps you but does no damage. x2
You now have 25/27 mp.
Casting: Starburst (dangerous; 7% risk of failure)
Confirm with . or Enter, or press ? or * to list all spells.
Casting: Starburst (dangerous; 7% risk of failure)
Press: ? - help, Dir - look around, f - activate You feel a surge of power!
The bolt of fire hits the skyshark!!
The bolt of fire hits the boulder beetle!!
The boulder beetle curls into a ball and begins rolling!
The black mamba bites you but does no damage.
The skyshark barely misses you. The skyshark closely misses you.
The skyshark tail-slaps you.
You take 1 damage, and have 45/86 hp.
You now have 20/27 mp.
Casting: Starburst (dangerous; 7% risk of failure)
Confirm with . or Enter, or press ? or * to list all spells.
Casting: Starburst (dangerous; 7% risk of failure)
Press: ? - help, Dir - look around, f - activate You feel a surge of power!
The bolt of fire hits the skyshark!!
Vehumet accepts your kill.
You feel your power returning.
The bolt of fire hits the boulder beetle!!
The bolt of fire hits the black mamba!!
The black mamba bites you!
A blink frog comes into view.
The black mamba bites you but does no damage.
Your Evocations skill increases to level 8!
You take 7 damage, and have 38/86 hp.
You now have 18/27 mp.
Casting: Starburst (dangerous; 7% risk of failure)
Confirm with . or Enter, or press ? or * to list all spells.
Casting: Starburst (dangerous; 7% risk of failure)
Press: ? - help, Dir - look around, f - activate You feel a surge of power!
The bolt of fire misses the black mamba.
The bolt of fire hits the boulder beetle!
The black mamba misses you. The boulder beetle hits you!!!
* * * LOW HITPOINT WARNING * * *
The boulder beetle stops rolling and uncurls.
The black mamba bites you but does no damage.
You take 35 damage, and have 3/86 hp.
MASSIVE DAMAGE!!
You now have 12/27 mp.
Casting: Starburst (dangerous; 7% risk of failure)
Confirm with . or Enter, or press ? or * to list all spells.
Okay, then.
Casting: Starburst (dangerous; 7% risk of failure)
Confirm with . or Enter, or press ? or * to list all spells.
Casting: Starburst (dangerous; 7% risk of failure)
Press: ? - help, Dir - look around, f - activate You feel a surge of power!
You miscast Starburst.
You are very lightly contaminated with residual magic.
Energy rips through your body!
You die...

.####.#..####.##.....#
.##.#.###..###########
..##....#### ###
......######## #[.#
####..###.#..#####..!#
# ###..#........#...#
###....#.........F.#
...........####§SB##
.......#...## ##@..#
##..##.#...~####†..#
######.#...........#
###.............#
#.#.###.#+#.#+###
##...........
##..####.....
###.#.##.##.###
........# .#


You could see a boulder beetle, a black mamba and a blink frog.

Vanquished Creatures
  Frances (D:13)
  A minotaur (Gauntlet)
  A hydra (D:14)
  A two-headed ogre (D:9)
  2 centaur warriors
  2 boulder beetles
  2 death scarabs (Gauntlet)
  An orc high priest (Bailey)
  A spectral catoblepas (Gauntlet)
  A spectral death yak (Gauntlet)
  A skyshark (Lair:1)
  Pikel (D:7)
  A spectral hydra (Gauntlet)
  A wizard (D:11)
  An orc knight (Bailey)
  An orc sorcerer (Bailey)
  2 manticores
  2 cyclopes
  A moth of wrath (Gauntlet)
  Maurice (D:9)
  A black mamba (Lair:1)
  Joseph (D:7)
  5 gargoyles
  Maggie (D:6)
  2 cane toads (Lair:1)
  2 rime drakes (Lair:1)
  An efreet (D:14)
  2 komodo dragons (Lair:1)
  4 trolls
  2 hornets (Gauntlet)
  14 slime creatures
  A shadow (D:11)
  3 wraiths
  13 yaks (D:9)
  A wyvern (D:7)
  Eustachio (D:6)
  2 basilisks (Lair:1)
  2 vampires
  Grum (D:8)
  A spectral komodo dragon (Gauntlet)
  3 redbacks (Gauntlet)
  A fire elemental (D:12)
  2 steam dragons
  4 vampire mosquitoes
  2 wargs (D:10)
  5 water moccasins
  2 ice beasts (D:6)
  14 orc warriors
  3 black bears
  3 ogres
  2 centaurs
  2 wolves (D:8)
  2 kobold brigands
  9 bullfrogs
  5 scorpions
  8 wights
  5 killer bees (D:8)
  6 electric eels
  5 howler monkeys
  A lava snake (D:12)
  5 hounds
  3 jellies
  4 iguanas
  6 orc priests
  Jessica (D:2)
  Natasha (twice) (D:2)
  8 orc wizards
  Robin (D:2)
  9 gnolls
  14 adders
  3 river rats (D:6)
  A shadow imp (D:7)
  A white imp (D:7)
  An ufetubus (D:7)
  6 worms
  6 dart slugs
  54 orcs
  10 endoplasms
  8 giant cockroaches
  29 goblins
  12 hobgoblins
  6 jackals
  6 quokkas
  10 ball pythons
  4 bats
  9 frilled lizards
  16 kobolds
  5 rats
  31 bushes (D:10)
440 creatures vanquished.

Vanquished Creatures (collateral kills)
  13 foxfires (Lair:1)
13 creatures vanquished.

Vanquished Creatures (others)
  1402 foxfires
  3 fungi
  17 plants
1422 creatures vanquished.

Grand Total: 1875 creatures vanquished

Notes
Turn   | Place    | Note
-------+----------+-------------------------------------------
     0 | D:1      | IndexError the Gargoyle Fire Elementalist began the quest
                  | for the Orb.
     0 | D:1      | Reached XP level 1. HP: 10/10 MP: 3/3
   145 | D:1      | Found a faded altar of an unknown god.
   250 | D:1      | Reached XP level 2. HP: 15/15 MP: 0/5
  1021 | D:1      | Reached XP level 3. HP: 19/19 MP: 1/6
  1024 | D:1      | Learned a level 2 spell: Scorch
  1027 | D:1      | Learned a level 2 spell: Blink
  1509 | D:2      | Noticed Natasha
  1531 | D:2      | Killed Natasha
  1532 | D:2      | Reached skill level 3 in Spellcasting
  1532 | D:2      | Reached skill level 4 in Fire Magic
  1532 | D:2      | Reached XP level 4. HP: 17/24 MP: 2/8
  1620 | D:2      | Noticed Robin
  1671 | D:2      | Killed Robin
  2346 | D:2      | Noticed Jessica
  2351 | D:2      | Killed Jessica
  2352 | D:2      | Reached XP level 5. HP: 28/28 MP: 0/10
  2551 | D:2      | Found the amulet of the Air {Inacc Air Fly rElec RMsl}
  2656 | D:2      | Noticed Natasha
  2663 | D:2      | Killed Natasha
  3340 | D:3      | Reached skill level 4 in Spellcasting
  3515 | D:3      | Found a radiant altar of Vehumet.
  3672 | D:3      | Reached skill level 5 in Fire Magic
  3712 | D:3      | Reached XP level 6. HP: 32/32 MP: 7/12
  4219 | D:3      | Found a blossoming altar of Fedhas.
  4304 | D:3      | Learned a level 4 spell: Sticky Flame
  4309 | D:3      | Learned a level 4 spell: Flame Wave
  4845 | D:4      | Found an ornate altar of the Wu Jian Council.
  5167 | D:4      | Found a staircase to the Ecumenical Temple.
  5241 | D:4      | Reached XP level 7. HP: 36/36 MP: 6/14
  5383 | D:4      | Reached skill level 5 in Spellcasting
  5664 | D:4      | Found a stormy altar of Qazlal.
  5844 | Temple   | Entered the Ecumenical Temple
  6035 | D:5      | Entered Level 5 of the Dungeon
  6111 | D:5      | Reached skill level 6 in Fire Magic
  6201 | D:3      | Became a worshipper of Vehumet
  6555 | D:5      | Found a broken altar of Ashenzari.
  6576 | D:5      | Reached skill level 2 in Conjurations
  6639 | D:5      | Reached skill level 6 in Spellcasting
  6642 | D:5      | Reached skill level 3 in Conjurations
  6766 | D:5      | Reached XP level 8. HP: 41/41 MP: 10/17
  6768 | D:5      | Reached skill level 4 in Conjurations
  6833 | D:5      | Found Roczea's Weapon Boutique.
  6906 | D:5      | Reached skill level 5 in Conjurations
  6969 | D:5      | Found a white marble altar of Elyvilon.
  7303 | D:6      | Reached skill level 6 in Conjurations
  7341 | D:6      | Reached skill level 1 in Fighting
  7421 | D:6      | Reached * piety under Vehumet
  7421 | D:6      | Offered knowledge of Sandblast by Vehumet.
  7542 | D:6      | Found a glowing drain.
  7597 | D:6      | Reached skill level 2 in Fighting
  7623 | Sewer    | Entered a sewer
  8106 | Sewer    | Reached skill level 3 in Fighting
  8106 | Sewer    | Reached XP level 9. HP: 50/50 MP: 13/18
  8533 | D:6      | Reached skill level 7 in Fire Magic
  8763 | D:6      | Noticed Maggie
  8772 | D:6      | Killed Maggie
  8773 | D:6      | Reached skill level 4 in Fighting
  8773 | D:6      | Reached skill level 7 in Spellcasting
  8866 | D:6      | Noticed Eustachio
  8871 | D:6      | Killed Eustachio
  9055 | D:6      | Offered knowledge of Magic Dart by Vehumet.
  9249 | D:7      | Reached ** piety under Vehumet
  9340 | D:7      | Noticed Joseph
  9400 | D:7      | Found an opulent altar of Gozag.
  9544 | D:7      | Noticed Pikel
  9554 | D:7      | Killed Pikel
  9555 | D:7      | Reached skill level 5 in Fighting
  9557 | D:7      | Reached skill level 8 in Fire Magic
  9557 | D:7      | Killed Joseph
  9558 | D:7      | Reached XP level 10. HP: 45/60 MP: 3/21
  9577 | D:7      | Reached skill level 6 in Fighting
  9578 | D:7      | Reached skill level 8 in Spellcasting
 10378 | D:8      | Noticed Grum
 10385 | D:8      | Killed Grum
 10734 | D:8      | Reached skill level 7 in Fighting
 10788 | D:8      | Found a sacrificial altar of Ru.
 10807 | D:8      | Reached skill level 9 in Fire Magic
 10829 | D:8      | Offered knowledge of Dazzling Flash by Vehumet.
 10877 | D:8      | Found an ancient bone altar of Kikubaaqudgha.
 10930 | D:8      | Reached *** piety under Vehumet
 11179 | D:9      | Found a flagged portal.
 11209 | Bailey   | Entered a bailey
 11321 | Bailey   | Noticed an orc knight
 11332 | Bailey   | Killed an orc knight
 11333 | Bailey   | Reached skill level 9 in Spellcasting
 11388 | Bailey   | Learned a level 3 spell: Dazzling Flash
 11616 | Bailey   | Reached skill level 8 in Fighting
 11696 | Bailey   | Noticed an orc sorcerer
 11769 | Bailey   | Found an iron altar of Okawaru.
 11778 | Bailey   | Identified the +4 trident of Neurosis {venom, +Blink rPois
                  | rC- Will+}
 11778 | Bailey   | Noticed an orc high priest
 11784 | Bailey   | Noticed a sun demon
 11787 | Bailey   | Killed an orc high priest
 11787 | Bailey   | Offered knowledge of Olgreb's Toxic Radiance by Vehumet.
 11788 | Bailey   | Reached XP level 11. HP: 33/69 MP: 14/24
 11788 | Bailey   | Killed an orc sorcerer
 11789 | Bailey   | Reached skill level 10 in Fire Magic
 12133 | D:9      | Acquired a book of Fire
 12141 | D:9      | Learned a level 5 spell: Fireball
 12148 | D:9      | Learned a level 6 spell: Starburst
 12281 | D:9      | Noticed a two-headed ogre
 12289 | D:9      | Killed a two-headed ogre
 12338 | D:9      | Found a sparkling altar of Nemelex Xobeh.
 12339 | D:9      | Noticed Maurice
 12367 | D:9      | Reached skill level 9 in Fighting
 12380 | D:9      | Reached skill level 10 in Spellcasting
 12386 | D:9      | Reached skill level 10 in Fighting
 12590 | D:9      | Killed Maurice
 12962 | D:9      | Found Teinoent's Antique Weapon Emporium.
 13011 | D:9      | Found a glowing silver altar of Zin.
 13158 | D:10     | Entered Level 10 of the Dungeon
 13245 | D:10     | Reached **** piety under Vehumet
 13622 | D:10     | Found a staircase to the Orcish Mines.
 13719 | D:10     | Reached skill level 11 in Fighting
 13791 | D:10     | Offered knowledge of Stone Arrow by Vehumet.
 13843 | D:10     | Found a hazy altar of Hepliaklqana.
 13906 | D:10     | Found a shimmering altar of Xom.
 14069 | D:10     | Found a staircase to the Lair.
 14126 | D:10     | Found a burning altar of Makhleb.
 14677 | D:11     | Noticed a boulder beetle
 14706 | D:11     | Killed a boulder beetle
 14707 | D:11     | Reached skill level 12 in Fighting
 14707 | D:11     | Reached skill level 1 in Translocations
 14934 | D:11     | Reached skill level 2 in Translocations
 14934 | D:11     | Reached XP level 12. HP: 73/81 MP: 14/26
 15130 | D:11     | Reached skill level 3 in Translocations
 15586 | D:11     | Identified the +3 leather armour of the Catamount {Will+
                  | Int+2 Slay+2 Stlth+}
 15815 | D:12     | Noticed a centaur warrior
 15827 | D:12     | Killed a centaur warrior
 15828 | D:12     | Reached skill level 4 in Translocations
 15994 | D:12     | Reached skill level 5 in Translocations
 16058 | D:12     | Reached skill level 1 in Armour
 16060 | D:12     | Reached skill level 1 in Evocations
 16152 | D:11     | Learned a level 3 spell: Stone Arrow
 16248 | D:12     | Noticed a boulder beetle
 16249 | D:12     | Reached skill level 2 in Armour
 16280 | D:12     | Killed a boulder beetle
 16281 | D:12     | Reached skill level 3 in Armour
 16281 | D:12     | Reached skill level 2 in Evocations
 16558 | D:12     | Reached skill level 3 in Evocations
 16638 | D:12     | Reached skill level 4 in Armour
 16829 | D:12     | Found a runed translucent gate.
 16830 | D:12     | Found a runed translucent gate.
 16831 | D:12     | Found a runed translucent gate.
 16832 | D:12     | Noticed Gill's ghost (journeyman FoHs)
 17142 | D:13     | You fall into a shaft and drop 2 floors!
 17142 | D:15     | Entered Level 15 of the Dungeon
 17339 | D:13     | Reached skill level 5 in Armour
 17339 | D:13     | Reached skill level 4 in Evocations
 17423 | D:13     | Noticed Frances
 17431 | D:13     | Killed Frances
 17679 | D:13     | Reached skill level 6 in Armour
 17679 | D:13     | Reached skill level 5 in Evocations
 17684 | D:13     | Reached ***** piety under Vehumet
 17790 | D:13     | Offered knowledge of Lightning Bolt by Vehumet.
 17790 | D:13     | Noticed a centaur warrior
 17804 | D:13     | Killed a centaur warrior
 17879 | D:13     | Found a sacrificial altar of Ru.
 18223 | D:14     | Noticed an eight-headed hydra
 18234 | D:14     | Killed an eight-headed hydra
 18235 | D:14     | Reached skill level 7 in Armour
 18235 | D:14     | Reached XP level 13. HP: 86/86 MP: 15/27
 18242 | D:14     | Reached skill level 6 in Evocations
 18595 | D:14     | Found a shadowy altar of Dithmenos.
 18712 | Lair:1   | Entered Level 1 of the Lair of Beasts
 18806 | Lair:1   | Found a gate leading to a gauntlet.
 18815 | Gauntlet | Entered a Gauntlet
 18815 | Gauntlet | Found a transporter.
 18815 | Gauntlet | Found a transporter.
 18821 | Gauntlet | Found a transporter.
 18823 | Gauntlet | Found a transporter.
 18823 | Gauntlet | Found a transporter.
 18826 | Gauntlet | Found a transporter.
 18865 | Gauntlet | Found a transporter.
 18865 | Gauntlet | Found a transporter.
 18866 | Gauntlet | Found a transporter.
 18877 | Gauntlet | Found a transporter.
 18895 | Gauntlet | Found a transporter.
 18905 | Gauntlet | Found a transporter.
 18919 | Gauntlet | Found a transporter.
 18939 | Gauntlet | Found a transporter.
 19170 | Gauntlet | Identified the ring of Norepame {rN+ Str+3 SInv}
 19182 | Gauntlet | Reached skill level 8 in Armour
 19185 | Gauntlet | Reached skill level 7 in Evocations
 19365 | Gauntlet | Identified the ring of Fuocvom {Ice +Blink rN++ Int-5}
 19382 | Gauntlet | Noticed a minotaur
 19395 | Gauntlet | Killed a minotaur
 19433 | Lair:1   | Reached skill level 9 in Armour
 19686 | Lair:1   | Identified the +9 lajatang "Ochaoniz" {pain, rC+ Will+}
 19992 | Lair:1   | Reached skill level 8 in Evocations
 19992 | Lair:1   | HP: 3/86 [boulder beetle (36)]
 19993 | Lair:1   | Killed by miscasting Starburst

Illustrated notes

Levels and vault maps discovered:
D:1:      nzn_arrival_depleted_hourglass, layout_basic,
          dreamdust_ecumenical_altar_angels_and_demons, serial_bayou_pond_e,
          hangedman_decor_riveting, chequers_decorated_corner,
          amcnicky_mini_pool_small
D:2:      layout_basic, nicolae_figureground_sparkle, uniq_natasha,
          uniq_jessica, uniq_robin
D:3:      layout_loops_ring, mainiacjoe_overflow_alcove_2,
          nicolae_vehumet_altar_sigil, st_stairs_5
D:4:      layout_gridville, marbit_many_paths, mainiacjoe_overflow_catwalk,
          minmay_temple_entry_junction_2
D:5:      layout_cave_pools, nicolae_elyvilon_temple_path, lemuel_tele_altar,
          serial_shops, kennysheep_mini_moat, kennysheep_decorative_pillar
D:6:      layout_loops_ring, lightli_sewer_entry_pipes, uniq_maggie,
          uniq_eustachio
D:7:      layout_rooms, nicolae_gozag_seed_capital, st_stairs_4, uniq_pikel,
          uniq_joseph
D:8:      minmay_spotlight, layout_basic, nicolae_overflow_squiral, uniq_grum
D:9:      layout_long_grid, zin_scriptorium, old_standard_altar, enter_bailey_6,
          serial_shops, shop, uniq_maurice
D:10:     layout_stronghold, nicolae_hepliaklqana_hazy_memory, xom_butterflies,
          lightli_temple_of_fire, erik_lair_orcish_takeover, david_orc_5,
          minmay_door_square, minmay_hedge_maze
D:11:     layout_stronghold, lightli_orcish_oven
D:12:     layout_roguey, gammafunk_ghost_necromancy, kennysheep_boxes
D:13:     layout_roguey, nicolae_ru_awakened_eye, uniq_frances
D:14:     layout_irregular_city, david_vaults_4, nicolae_dithmenos_shadow_blocks
D:15:     grunt_enter_depths_magical_seal, layout_small_grid,
          nicolae_twisting_strands, minmay_misc_feat_room
Temple:   nicolae_temple_ecumenical_triangle
Lair:1:   layout_loops_ring, gauntlet_entry_generic,
          hangedman_lair_generics_rect

Skill      XL: |  1  2  3  4  5  6  7  8  9 10 11 12 13 |
---------------+----------------------------------------+-----
Spellcasting   | 3 4 6 7 9 10 | 10.0
Fire Magic     | 4 5 6 8 9 10 | 10.0
Conjurations   | 3 6 |  6.0
Fighting       | 3 5 8 12 | 12.0
Translocations | 2 5 |  5.0
Armour         | 7 9 |  9.6
Evocations     | 5 8 |  8.0
Dodging        | |  1.5
Stealth        | |  2.1

Action                     |  1- 3 |  4- 6 |  7- 9 | 10-12 | 13-15 || total
---------------------------+-------+-------+-------+-------+-------++-------
  Melee: Unarmed           |     9 |       |       |       |       ||     9
         Dagger            |       |    44 |     2 |       |       ||    46
         Punch             |       |     1 |       |       |     2 ||     3
         Staff             |       |       |    28 |    61 |    71 ||   160
   Cast: Foxfire           |    58 |   181 |   212 |   325 |    47 ||   823
         Scorch            |     1 |     5 |    23 |    35 |     4 ||    68
         Flame Wave        |       |       |     3 |    16 |     4 ||    23
         Sticky Flame      |       |       |       |    31 |     7 ||    38
         Starburst         |       |       |       |    17 |    12 ||    29
         Fireball          |       |       |       |    10 |     1 ||    11
         Dazzling Flash    |       |       |       |     2 |       ||     2
         Stone Arrow       |       |       |       |     9 |       ||     9
  Evoke: Wand              |       |       |       |     1 |       ||     1
    Use: Scroll            |       |     7 |     7 |    16 |       ||    30
         Potion            |       |       |     3 |       |     1 ||     4
   Stab: Sleeping          |       |     1 |       |       |     2 ||     3
 Armour: Robe              |     5 |    25 |    37 |   132 |       ||   199
         Leather armour    |       |       |       |    18 |    85 ||   103
  Dodge: Dodged            |    12 |    24 |    30 |   172 |    69 ||   307

Table legend: (Time is in decaauts)
 A = Elapsed time spent in this place.
 B = Non-inter-level travel time spent in this place.
 C = Inter-level travel time spent in this place.
 D = Time resting spent in this place.
 E = Time spent auto-exploring this place.
 F = Levels seen in this place.
 G = Mean time per level.
                   A        B        C        D        E       F      G
               +--------+--------+--------+--------+--------+-----+--------+
         Total |  20165 |  18520 |   1645 |    145 |  15025 |  20 | 1008.2 |
       Dungeon |  17106 |  15479 |   1627 |    111 |  12832 |  15 | 1140.4 |
        Temple |     53 |     36 |     17 |      0 |     30 |   1 |   53.0 |
          Lair |    664 |    664 |      0 |      0 |    464 |   1 |  664.0 |
         Sewer |    811 |    811 |      0 |     34 |    673 |   1 |  811.0 |
        Bailey |    928 |    928 |      0 |      0 |    720 |   1 |  928.0 |
      Gauntlet |    600 |    600 |      0 |      0 |    305 |   1 |  600.0 |
               +--------+--------+--------+--------+--------+-----+--------+

Top non-repeatable levels by time:
     D:2: 1725 daAuts
     D:4: 1595 daAuts
     D:6: 1512 daAuts
    D:12: 1512 daAuts
     D:3: 1487 daAuts
    D:10: 1457 daAuts
     D:1: 1315 daAuts
     D:9: 1169 daAuts
    D:11: 1119 daAuts
     D:8: 1075 daAuts
     D:5: 1023 daAuts
  Bailey: 928 daAuts
   Sewer: 811 daAuts
     D:7: 806 daAuts
    D:13: 784 daAuts

Table legend:
 A = Kills in this place as a percentage of kills in the entire game.
 B = Kills by you in this place as a percentage of kills by you in the entire game.
 C = Kills by friends in this place as a percentage of kills by friends in the entire game.
 D = Other kills in this place as a percentage of other kills in the entire game.
 E = Experience gained in this place as a percentage of experience gained in the entire game.
 F = Experience gained in this place divided by the number of levels of this place that you have seen.
                   A       B       C       D       E      F
               +-------+-------+-------+-------+-------+----------------------
         Total | 100.0 | 100.0 |   N/A |   N/A | 100.0 | 2272.6
       Dungeon |  78.2 |  78.2 |   N/A |   N/A |  67.4 | 2041.1
          Lair |   4.6 |   4.6 |   N/A |   N/A |  10.9 | 4944.0
         Sewer |   6.1 |   6.1 |   N/A |   N/A |   0.6 | 277.0
        Bailey |   7.8 |   7.8 |   N/A |   N/A |   6.7 | 3031.0
      Gauntlet |   3.2 |   3.2 |   N/A |   N/A |  14.5 | 6585.0
               +-------+-------+-------+-------+-------+----------------------
